 Dungeon Crawl Stone Soup version 0.31-a0-1010-g5322dac6a2 (webtiles) character file.

Game seed: 9976451810849071847

104288 tilp the Unseen (level 15, -7/120 HPs)
             Began as a Vampire Enchanter on Nov 15, 2023.
             Was the Champion of Wu Jian.
             Killed from afar by a will-o-the-wisp (18 damage)
             ... with a foxfire
             ... on level 3 of the Lair of Beasts on Nov 16, 2023.
             The game lasted 00:58:22 (29901 turns).

tilp the Unseen (Vampire Enchanter)                Turns: 29901, Time: 00:58:23

Health: -7/120     AC: 23    Str:  7    XL:     15   Next: 91%
Magic:  27/28      EV: 17    Int: 23    God:    Wu Jian [******]
Gold:   468        SH:  7    Dex: 17    Spells: 17/32 levels left

rFire   . . .        a - +7 dagger (elec)
rCold   . . .        i - +2 buckler
rNeg    . . .        H - +0 steam dragon scales
rPois   .            M - +1 helmet
rElec   .            k - +2 cloak
rCorr   .            Q - +2 pair of gloves
SInv    +            q - +2 pair of boots
Will    +....        (no amulet)
Stlth   ++++++       f - +4 ring of protection
HPRegen 0.60/turn    u - ring of flight
MPRegen 0.21/turn

%: no passive effects
@: flying, healing quickly, studying Armour
A: alive, fangs 3, see invisible, vampiric 2
a: Exsanguinate, Renounce Religion, Wall Jump, Serpent's Lash, Heavenly Storm


You were on level 3 of the Lair of Beasts.
You worshipped Wu Jian.
Wu Jian was exalted by your worship.
You visited 5 branches of the dungeon, and saw 24 of its levels.
You also visited: Ossuary and Volcano.

You collected 2839 gold pieces.
You spent 2371 gold pieces at shops.

Inventory:

Hand Weapons
 a - a +7 dagger of electrocution (weapon)
Missiles
 v - 13 poisoned darts (quivered)
 I - 3 curare-tipped darts
 K - 19 boomerangs
 W - 6 atropa-tipped darts
 X - 8 javelins
Armour
 i - a +2 buckler (worn)
 k - a +2 cloak (worn)
 m - a +2 leather armour of fire resistance
 q - a +2 pair of boots (worn)
 B - the +2 robe of Huoddeagh {rElec Int+3 Dex+5}
   (You found it on level 15 of the Dungeon)

   Int+3:     It affects your intelligence (+3).
   Dex+5:     It affects your dexterity (+5).
   rElec:     It insulates you from electricity.
 H - +0 steam dragon scales (worn)
 M - a +1 helmet (worn)
 Q - a +2 pair of gloves (worn)
Jewellery
 b - the ring of Joy {rF+ rN+ Will+ Dex+2 Stlth-}
   (You found it on level 11 of the Dungeon)

   [ring of protection from fire]

   Dex+2:     It affects your dexterity (+2).
   rF+:       It protects you from fire.
   rN+:       It protects you from negative energy.
   Will+:     It increases your willpower.
   Stlth-:    It makes you less stealthy.
 f - a +4 ring of protection (left hand)
 u - a ring of flight (right hand)
 A - a +4 ring of slaying
 F - a +6 ring of intelligence
Wands
 p - a wand of iceblast (4)
 s - a wand of polymorph (11)
 D - a wand of flame (36)
 E - a wand of digging (6)
 J - a wand of charming (22)
 S - a wand of mindburst (4)
Scrolls
 d - 6 scrolls of revelation
 g - 10 scrolls of teleportation
 n - a scroll of blinking
 o - 6 scrolls of vulnerability
 r - 3 scrolls of amnesia
 y - 7 scrolls of fog
 C - 6 scrolls of identify
 G - 5 scrolls of poison
 P - 2 scrolls of fear
 R - a scroll of silence
Potions
 c - 3 potions of invisibility
 e - 4 potions of attraction
 h - 2 potions of berserk rage
 j - 12 potions of curing
 l - 2 potions of cancellation
 t - 3 potions of mutation
 w - 2 potions of lignification
 z - 4 potions of enlightenment
 L - 2 potions of heal wounds
 T - 3 potions of ambrosia
 U - a potion of magic
 Y - 3 potions of brilliance
 Z - 2 potions of haste
Miscellaneous
 x - a box of beasts
 N - a phial of floods
 O - a condenser vane


   Skills:
 - Level 12.0 Fighting
 - Level 10.0 Short Blades
 + Level 9.1 Armour
 - Level 10.0 Dodging
 - Level 15.0 Stealth
 - Level 4.0 Shields
 - Level 9.0 Spellcasting
 - Level 4.0 Conjurations
 - Level 15.0 Hexes
 - Level 6.0 Ice Magic
 * Level 9.1 Evocations


You had 17 spell levels left.
You knew the following spells:

 Your Spells              Type           Power      Damage    Failure   Level
a - Ensorcelled Hibernat  Hex/Ice        100%       N/A       1%          2
b - Confusing Touch       Hex            68%        N/A       1%          3
c - Tukima's Dance        Hex            68%        N/A       1%          3
d - Dazzling Flash        Conj/Hex       100%       N/A       1%          3
e - Cause Fear            Hex            34%        N/A       1%          4

Your spell library contained the following spells:

 Spells                   Type           Power      Damage    Failure   Level
 Freeze                   Ice            100%       1d10      1%          1
 Fulminant Prism          Conj/Hex       26%        3d14      1%          4
 Frozen Ramparts          Ice            74%        1d12      2%          3
 Hailstorm                Conj/Ice       33%        3d8       3%          3
 Stone Arrow              Conj/Erth      38%        3d9       13%         3
 Poisonous Vapours        Pois/Air       20%        N/A       14%         2
 Mephitic Cloud           Conj/Pois/Air  16%        N/A       17%         3
 Volatile Blastmotes      Fire/Tloc      20%        2d11      28%         3
 Iskenderun's Mystic Bla  Conj/Tloc      19%        2d6       38%         4
 Freezing Cloud           Conj/Ice/Air   12%        6-21      56%         5
 Animate Armour           Summ/Erth      20%        N/A       67%         4
 Manifold Assault         Tloc           10%        N/A       67%         4
 Summon Lightning Spire   Summ/Air       10%        N/A       67%         4
 Fireball                 Conj/Fire      9%         3d6       75%         5
 Alistair's Intoxication  Tmut/Pois      6%         N/A       95%         5
 Borgnjor's Vile Clutch   Necr/Erth      5%         N/A       95%         5
 Lee's Rapid Deconstruct  Erth           5%         3d6*      95%         5
 Dispersal                Tloc           5%         N/A       100%        6
 Eringya's Noxious Bog    Tmut/Pois      5%         4d6       100%        6
 Disjunction              Tloc           5%         N/A       100%        8
 Lehudib's Crystal Spear  Conj/Erth      9%         10d4      100%        8
 Dragon's Call            Summ           5%         N/A       100%        9


Dungeon Overview and Level Annotations

Branches:
Dungeon (15/15)            Temple (1/1) D:5            Lair (5/5) D:8
  Swamp (1/4) Lair:3       Spider (0/4) Lair:3        Slime (0/5) Lair:5
    Orc (2/2) D:10            Elf (0/3) Orc:2        Vaults (0/5) D:14
 Depths (0/4) D:15        Ossuary (visited)         Volcano (visited)

Altars:
Ashenzari
Cheibriados
Dithmenos
Fedhas
Gozag
Hepliaklqana
Kikubaaqudgha
Makhleb
Nemelex Xobeh
Okawaru
Qazlal
Ru
Sif Muna
Trog
Uskayaw
Vehumet
Wu Jian
Xom
Yredelemnul
Jiyva

Shops:
D:4 (   D:10 [   Orc:2 :*??*

Portals:
Abyss: D:9

Annotations:
D:9 2 transporters, exclusions: bullfrog and 4 orc wizards, DEFE's ghost, novice DsWn; Psyche
D:12 Rupert


Innate Abilities, Weirdness & Mutations

Your natural rate of healing is accelerated.
You have razor-sharp teeth.
You have supernaturally acute eyesight. (SInv)
You are afflicted with vampirism and can become a bat while bloodless.


Message History

The foxfire hits you!!
* * * LOW HITPOINT WARNING * * *
The foxfire hits you!
* * * LOW HITPOINT WARNING * * *
You hit the will-o-the-wisp. Your bite misses the will-o-the-wisp.
The will-o-the-wisp is heavily damaged.
The will-o-the-wisp gestures.
The will-o-the-wisp conjures some marshlight! 2 foxfires come into view.
Unknown command.
You closely miss the will-o-the-wisp.
The will-o-the-wisp is heavily damaged.
The foxfire hits you.
* * * LOW HITPOINT WARNING * * *
The foxfire hits you!
* * * LOW HITPOINT WARNING * * *
Unknown command.
Unknown command.
You feel much better. The will-o-the-wisp closely misses you.
Unknown command.
The will-o-the-wisp gestures.
The will-o-the-wisp conjures some marshlight! 2 foxfires come into view.
There is a staircase to the Swamp, spattered with blood here.
Unknown command.
Aiming: Iceblast
Press: ? - help, Shift-Dir - straight line, f - will-o-the-wisp
Aim: a will-o-the-wisp (water, moderately damaged)
The mass of ice explodes!
The iceblast engulfs the will-o-the-wisp!!
The will-o-the-wisp partially resists.
The will-o-the-wisp is almost destroyed.
The iceblast engulfs the foxfire!!
The foxfire is moderately damaged.
The iceblast engulfs the foxfire!!
The foxfire is lightly damaged.
The foxfire hits you!
* * * LOW HITPOINT WARNING * * *
The foxfire hits you!!
You die...

.###..#####.##...................
....#####.#..........>...........
.................................
###.#.##.....##.P#######.#P.#.###
# ########...##..# ######## #
##...#♣♣♣♣ # ######....♣♣§♣♣♣
######
####..#.##...♣§§§§♣♣♣####P##P####
.............♣v§@§♣♣..........[..
.............♣§v§§≈♣.............
.............♣♣♣~~♣♣.............
...##.#..##P#♣ ♣.♣♣..............
....##.#######♣#.................
...###.##P.##.##.................
.................................
...<.............................
.................................


You could see a will-o-the-wisp.

Vanquished Creatures
  Kirke (D:15)
  Gastronok (Lair:3)
  2 orc warlords
  Nessos (Lair:4)
  2 bunyips (Lair:3)
  A yaktaur captain (D:15)
  3 fire dragons
  9 hydras
  Erica (D:9)
  2 ogre magi (D:15)
  3 boulder beetles
  An alligator (Lair:3)
  6 centaur warriors
  A two-headed ogre (shapeshifter) (D:14)
  2 two-headed ogres
  11 death yaks
  A deep troll earth mage (D:15)
  A tengu warrior (D:13)
  Urug (Lair:4)
  A fire crab (shapeshifter) (D:14)
  4 skeletal warriors
  A skyshark (Lair:5)
  A deep elf archer (Volcano)
  A goliath frog (Swamp:1)
  A swamp dragon (Lair:5)
  A bog body (Lair:3)
  An orb spider (Lair:3)
  A lindwurm (Lair:5)
  4 orc knights
  An arcanist (D:14)
  9 deep elf pyromancers
  6 cyclopes
  3 manticores
  12 elephants
  4 ugly things
  4 black mambas
  A guardian serpent (shapeshifter) (D:8)
  6 cane toads
  2 gargoyles
  A kobold demonologist (D:6)
  7 torpor snails
  An efreet (D:15)
  2 unseen horrors (D:11)
  4 rime drakes
  9 komodo dragons
  A freezing wraith (D:8)
  A komodo dragon (shapeshifter) (D:15)
  3 tengu conjurers
  A meliai (D:15)
  9 hornets
  7 trolls
  3 polar bears (Lair:4)
  Prince Ribbit (D:9)
  4 tyrant leeches (Lair:5)
  A raiju (shapeshifter) (D:8)
  Grinder (D:3)
  20 blink frogs
  4 dream sheep (Lair:5)
  A jumping spider (shapeshifter) (D:14)
  A slime creature (D:8)
  2 shadows
  3 wraiths
  A vampire (D:14)
  3 wyverns
  7 basilisks
  A human (shapeshifter) (D:14)
  65 yaks
  Eustachio (D:6)
  4 fire elementals (Volcano)
  10 vampire mosquitoes
  5 hogs (D:15)
  Menkaure (D:6)
  4 steam dragons
  7 wargs
  4 swamp worms
  6 hell hounds (Volcano)
  5 acid dragons
  16 water moccasins
  An ice beast (D:6)
  34 orc warriors
  A sky beast (D:7)
  2 black bears
  A black bear (shapeshifter) (D:14)
  16 centaurs
  5 ogres
  11 wolves
  4 boggarts (Lair:4)
  3 kobold brigands
  14 bullfrogs
  An elf zombie (Ossuary)
  A gnoll sergeant (D:8)
  A scorpion (D:5)
  10 wights
  12 killer bees
  3 howler monkeys
  2 electric eels
  3 jellies
  2 hounds
  10 orc priests
  2 gnoll boudas
  An iron imp (D:10)
  4 iguanas
  2 sleepcaps
  17 orc wizards
  A hell rat (D:8)
  3 mummies (Ossuary)
  14 gnolls
  5 adders
  3 river rats (D:8)
  2 shadow imps
  3 white imps
  3 ufetubi
  5 dart slugs
  66 orcs
  7 ball pythons
  7 endoplasms
  A giant cockroach (D:2)
  3 goblins (D:1)
  3 hobgoblins
  20 kobolds
  5 quokkas
  5 bats
  5 frilled lizards
  3 goblin zombies (Ossuary)
  4 kobold zombies (Ossuary)
  An orc zombie (Ossuary)
  9 rats
682 creatures vanquished.

Vanquished Creatures (collateral kills)
  5 orc warriors
  6 wights
  An orc wizard (D:15)
  A gnoll (D:4)
  3 orcs (Orc:2)
16 creatures vanquished.

Vanquished Creatures (others)
  A bloated husk (Swamp:1)
  A basilisk (Lair:5)
  12 dancing weapons
  A vampire mosquito (Swamp:1)
  A bullfrog (D:7)
  An orc wizard (D:4)
  4 orcs (D:7)
  A butterfly (D:8)
  7 foxfires (Lair:3)
29 creatures vanquished.

Grand Total: 727 creatures vanquished

Notes
Turn   | Place    | Note
-------+----------+-------------------------------------------
     0 | D:1      | tilp the Vampire Enchanter began the quest for the Orb.
     0 | D:1      | Reached XP level 1. HP: 13/13 MP: 3/3
   176 | D:1      | Reached XP level 2. HP: 19/20 MP: 5/5
   215 | D:1      | Learned a level 2 spell: Ensorcelled Hibernation
   446 | D:1      | Reached skill level 1 in Fighting
   772 | D:1      | Found a faded altar of an unknown god.
   853 | D:1      | Gained mutation: You are afflicted with vampirism and can
                  | become a bat while bloodless. [Vampire growth]
   853 | D:1      | Reached XP level 3. HP: 26/26 MP: 6/6
   857 | D:1      | Learned a level 3 spell: Confusing Touch
  2001 | D:2      | Identified a scroll of acquirement
  2001 | D:2      | Acquired 439 gold pieces
  2156 | D:3      | Reached skill level 5 in Stealth
  2306 | D:3      | Noticed Grinder
  2311 | D:3      | Paralysed by Grinder for 2 turns
  2322 | D:3      | Killed Grinder
  2323 | D:3      | Reached skill level 5 in Hexes
  2323 | D:3      | Reached XP level 4. HP: 23/33 MP: 4/7
  2323 | D:3      | Reached XP level 5. HP: 26/38 MP: 4/8
  2574 | D:3      | Learned a level 3 spell: Tukima's Dance
  2652 | D:3      | Reached XP level 6. HP: 39/45 MP: 2/9
  3384 | D:4      | Found a radiant altar of Vehumet.
  3699 | D:4      | Found Coorgh's Antique Weapon Shoppe.
  3741 | D:4      | Bought a runed dagger for 100 gold pieces
  3765 | D:4      | Reached XP level 7. HP: 42/52 MP: 0/11
  4284 | D:5      | Entered Level 5 of the Dungeon
  4377 | D:5      | Found a staircase to the Ecumenical Temple.
  4560 | D:5      | Found a sand-covered staircase.
  4565 | Ossuary  | Entered an ossuary
  4565 | Ossuary  | Noticed a wraith
  4565 | Ossuary  | Noticed a wraith
  4565 | Ossuary  | Noticed a wraith
  4664 | Ossuary  | Noticed a wraith
  4702 | Ossuary  | Killed a wraith
  4710 | Ossuary  | Learned a level 3 spell: Dazzling Flash
  4866 | Ossuary  | Reached skill level 5 in Short Blades
  4866 | Ossuary  | Reached XP level 8. HP: 60/60 MP: 13/13
  5084 | Ossuary  | Reached skill level 5 in Dodging
  5084 | Ossuary  | Reached XP level 9. HP: 69/69 MP: 13/16
  5533 | Temple   | Entered the Ecumenical Temple
  5551 | D:5      | Found an opulent altar of Gozag.
  6137 | D:6      | Reached skill level 5 in Spellcasting
  6398 | D:6      | Noticed Eustachio
  6405 | D:6      | Killed Eustachio
  6603 | D:6      | Noticed Menkaure
  6606 | D:6      | Killed Menkaure
  6683 | D:6      | Noticed a kobold demonologist
  6685 | D:6      | Killed a kobold demonologist
  6686 | D:6      | Reached skill level 10 in Stealth
  6838 | D:6      | Learned a level 4 spell: Cause Fear
  7040 | D:7      | Found a stormy altar of Qazlal.
  7122 | D:7      | Reached skill level 10 in Short Blades
  7122 | D:7      | Reached XP level 10. HP: 52/76 MP: 9/17
  7796 | D:7      | Found a blossoming altar of Fedhas.
  8242 | D:8      | Reached skill level 1 in Evocations
  8317 | D:8      | Found a burning altar of Makhleb.
  8378 | D:8      | Reached skill level 1 in Shields
  8617 | D:8      | Noticed a death yak
  8618 | D:8      | Found a staircase to the Lair.
  8647 | D:8      | Noticed a death yak
  8650 | D:8      | Noticed a death yak
  8855 | D:8      | Noticed a deep elf pyromancer
  8858 | D:8      | Killed a deep elf pyromancer
  8860 | D:8      | Noticed a deep elf pyromancer
  8863 | D:8      | Killed a deep elf pyromancer
  8877 | D:8      | Noticed a guardian serpent
  8880 | D:8      | Killed a guardian serpent
  8919 | D:8      | Noticed a centaur warrior
  8923 | D:8      | Killed a centaur warrior
  8924 | D:8      | Reached XP level 11. HP: 62/83 MP: 15/19
  9071 | D:8      | Killed a death yak
  9082 | D:8      | Killed a death yak
  9087 | D:8      | Killed a death yak
  9500 | D:9      | Noticed Psyche
  9500 | D:9      | Noticed Erica
  9501 | D:9      | Killed Erica
  9502 | D:9      | Reached skill level 10 in Hexes
  9661 | D:9      | Found a transporter.
  9662 | D:9      | Found a one-way gate to the infinite horrors of the Abyss.
  9662 | D:9      | Noticed DEFE's ghost (novice DsWn)
  9664 | D:9      | Noticed an arcanist
  9684 | D:9      | Found a transporter.
  9689 | D:9      | Noticed an occultist
  9935 | D:9      | Noticed Prince Ribbit
  9943 | D:9      | Killed Prince Ribbit
  9995 | D:9      | Found an ornate altar of the Wu Jian Council.
 10037 | D:9      | Became a worshipper of the Wu Jian Council
 10171 | D:9      | Found a shimmering blue altar of Sif Muna.
 10361 | D:10     | Entered Level 10 of the Dungeon
 10366 | D:10     | Found Bedweppa's Armour Emporium.
 10366 | D:10     | Found a staircase to the Orcish Mines.
 11059 | D:10     | Reached * piety under Wu Jian
 11271 | D:10     | Found a snail-covered altar of Cheibriados.
 11458 | D:11     | Reached skill level 5 in Armour
 11562 | D:11     | Identified the ring of Joy {rF+ rN+ Will+ Dex+2 Stlth-}
 11658 | D:11     | Reached XP level 12. HP: 92/92 MP: 17/20
 11693 | D:11     | Noticed a two-headed ogre
 11700 | D:11     | Killed a two-headed ogre
 11889 | D:11     | Upgraded the game from 0.31-a0-1009-g454b1f1e0a to
                  | 0.31-a0-1010-g5322dac6a2
 11980 | Lair:1   | Entered Level 1 of the Lair of Beasts
 12229 | Lair:1   | Reached ** piety under Wu Jian
 13040 | Lair:2   | Noticed an eight-headed hydra
 13081 | Lair:1   | Reached skill level 5 in Ice Magic
 13584 | Lair:2   | Killed an eight-headed hydra
 14892 | Lair:3   | Reached XP level 13. HP: 76/100 MP: 3/22
 15218 | Lair:3   | Found a hole to the Spider Nest.
 15420 | Lair:3   | Noticed Gastronok
 15433 | Lair:3   | Killed Gastronok
 15525 | Lair:3   | Reached *** piety under Wu Jian
 15699 | Lair:3   | Reached skill level 10 in Fighting
 15909 | Lair:3   | Found a staircase to the Swamp.
 16614 | Lair:4   | Noticed Urug
 16625 | Lair:4   | Killed Urug
 16678 | Lair:4   | Found a dark tunnel.
 16683 | Volcano  | Entered a volcano
 17463 | Lair:4   | Reached **** piety under Wu Jian
 18127 | Lair:4   | Reached skill level 5 in Evocations
 18183 | Lair:4   | Noticed Nessos
 18188 | Lair:4   | Killed Nessos
 18447 | Lair:4   | Reached XP level 14. HP: 97/111 MP: 11/25
 18946 | Lair:5   | Entered Level 5 of the Lair of Beasts
 19553 | Lair:5   | Reached ***** piety under Wu Jian
 19760 | Lair:5   | Found a runed translucent door.
 19927 | Lair:5   | Found a viscous altar of Jiyva.
 19927 | Lair:5   | Found a staircase to the Slime Pits.
 22138 | Orc:1    | Entered Level 1 of the Orcish Mines
 22138 | Orc:1    | Noticed an orc warlord
 22166 | Orc:1    | Killed an orc warlord
 22456 | Orc:2    | Entered Level 2 of the Orcish Mines
 22595 | Orc:2    | Noticed an orc warlord
 22727 | Orc:2    | Killed an orc warlord
 23302 | Orc:2    | Found Zooffit's Self-Improvement Boutique.
 24096 | Orc:2    | Found a staircase to the Elven Halls.
 24113 | Orc:2    | Reached XP level 15. HP: 119/119 MP: 24/27
 24196 | Orc:2    | Reached ****** piety under Wu Jian
 24443 | Orc:2    | Found Wygitif's Magic Scroll Shoppe.
 24443 | Orc:2    | Found Huhe's Magic Scroll Shop.
 24445 | Orc:2    | Found Sivenk's General Store.
 24447 | Orc:2    | Found Soafois's Assorted Antiques.
 24459 | Orc:2    | Bought a scroll of teleportation for 69 gold pieces
 24459 | Orc:2    | Bought a scroll of blinking for 172 gold pieces
 24462 | Orc:2    | Bought a scroll of revelation for 90 gold pieces
 24462 | Orc:2    | Bought a scroll of enchant weapon for 90 gold pieces
 24462 | Orc:2    | Bought a scroll of teleportation for 36 gold pieces
 24471 | Orc:2    | Bought a scroll of enchant weapon for 127 gold pieces
 24471 | Orc:2    | Bought a +0 helmet for 76 gold pieces
 24488 | Orc:2    | Bought a scroll of teleportation for 45 gold pieces
 24488 | Orc:2    | Bought 3 scrolls of teleportation for 135 gold pieces
 24488 | Orc:2    | Bought a scroll of teleportation for 45 gold pieces
 24488 | Orc:2    | Bought a scroll of teleportation for 45 gold pieces
 24488 | Orc:2    | Bought a scroll of fear for 60 gold pieces
 24491 | Orc:2    | Bought a potion of curing for 69 gold pieces
 24491 | Orc:2    | Bought a scroll of fog for 92 gold pieces
 24516 | Orc:2    | Bought a manual of Armour for 1120 gold pieces
 24954 | D:12     | Reached skill level 15 in Stealth
 25307 | D:12     | Noticed Rupert
 26322 | D:14     | Found a gate to the Vaults.
 26448 | D:14     | Reached skill level 15 in Hexes
 27054 | D:15     | Entered Level 15 of the Dungeon
 27057 | D:15     | Identified the +2 robe of Huoddeagh {rElec Int+3 Dex+5}
 27191 | D:15     | Noticed Kirke
 27213 | D:15     | Noticed a sphinx
 27349 | D:15     | Killed Kirke
 27644 | D:15     | Reached skill level 10 in Dodging
 27797 | D:15     | Found a staircase to the Depths.
 29019 | Spider:1 | Identified the of Qeol
 29019 | Swamp:1  | Entered Level 1 of the Swamp
 29898 | Lair:3   | HP: 2/120 [will-o-the-wisp/foxfire (15)]
 29901 | Lair:3   | Killed from afar by a will-o-the-wisp

Illustrated notes

Levels and vault maps discovered:
D:1:      dpeg_arrival_signposts, layout_basic, ebering_ecumenical_altar_rust
D:2:      layout_loops_corners, serial_bayou_lagoon_a, grunt_decor_one_mirror,
          grunt_ministairs_1, kennysheep_donut, minmay_nonomino_d4
D:3:      layout_basic, uniq_grinder
D:4:      layout_rooms, kennysheep_little_box, serial_shops, shop
D:5:      layout_layer_cave, grunt_gozag_statues, minmay_temple_entry_waves,
          enter_ossuary_2
D:6:      layout_loops_ring, tso_metal_star, minmay_microvault, uniq_menkaure,
          uniq_eustachio
D:7:      cheibrodos_fzero, layout_basic, mainiacjoe_overflow_alcove_2,
          mainiacjoe_overflow_alcove_4
D:8:      layout_rooms, mainiacjoe_overflow_24_doors,
          nicolae_elyvilon_peaceful_grove, dpeg_lair_monsters, minmay_evil_grid
D:9:      layout_roguey, kennysheep_mini, overflow_temple_1_default,
          gammafunk_ghost_abyssal_escape, uniq_psyche, uniq_prince_ribbit1,
          uniq_erica
D:10:     layout_basic, slow_altar_2, orc_david_3
D:11:     layout_gridville
D:12:     layout_basic, uniq_rupert
D:13:     layout_basic
D:14:     layout_loops_ring, david_vaults_2, serial_bayou_crossing
D:15:     hellmonk_depths_entry_around_the_bend, layout_basic, nooodl_orcs_dogs,
          uniq_kirke
Temple:   hc_temple_tempest_star
Lair:1:   layout_cave_pods, grunt_megastairs_1
Lair:2:   layout_gridlike, grunt_megastairs_3
Lair:3:   hellmonk_ruined_rings, layout_long_grid, minmay_swamp_entry_worms,
          nicolae_spider_entry_orb_guardian, minivault_24, minmay_hedge_maze,
          uniq_gastronok
Lair:4:   layout_gridlike, enter_volcano_4, kilobyte_rumbling_trees,
          uniq_nessos, uniq_urug
Lair:5:   guppyfry_lair_end_dragon, layout_hall_layers, wormcave,
          dpeg_slime_entry_enclosed, wad_woods_06
Swamp:1:  layout_basic_swamp, evilmike_swamp_ruin_rubble_1, swamp_pool_5,
          infiniplex_staircase_pool
Orc:1:    layout_caves
Orc:2:    st_orc_rangers, layout_caves, nicolae_shop_self_help

Skill      XL: |  1  2  3  4  5  6  7  8  9 10 11 12 13 14 15 |
---------------+----------------------------------------------+-----
Fighting       | 1 2 3 4 6 7 8 10 11 12 | 12.0
Short Blades   | 3 4 5 7 10 | 10.0
Stealth        | 5 6 7 9 10 11 12 13 14 15 | 15.0
Dodging        | 3 4 5 6 7 8 9 10 | 10.0
Hexes          | 5 6 8 9 10 12 14 15 | 15.0
Spellcasting   | 3 4 5 6 7 8 9 |  9.0
Armour         | 3 4 5 6 7 9 |  9.1
Conjurations   | 2 3 4 |  4.0
Ice Magic      | 3 4 5 6 |  6.0
Evocations     | 1 2 4 5 6 9 |  9.1
Shields        | 1 2 3 4 |  4.0

Action                     |  1- 3 |  4- 6 |  7- 9 | 10-12 | 13-15 || total
---------------------------+-------+-------+-------+-------+-------++-------
  Melee: Dagger            |   124 |    99 |   182 |   511 |  1221 ||  2137
         Bite              |     7 |     9 |    22 |    43 |   225 ||   306
         Punch             |       |     1 |       |       |       ||     1
  Throw: Dart              |       |       |       |       |     2 ||     2
   Cast: Ensorcelled Hiber |     8 |    21 |    25 |   164 |   317 ||   535
         Confusing Touch   |     1 |       |    12 |    19 |    56 ||    88
         Tukima's Dance    |       |     4 |       |    19 |    55 ||    78
         Dazzling Flash    |       |       |       |    22 |    52 ||    74
Ability: Lunge             |       |       |       |    29 |    79 ||   108
         Whirlwind         |       |       |       |    17 |    51 ||    68
  Evoke: Condenser vane    |       |       |       |     1 |       ||     1
         Wand              |       |       |       |       |     1 ||     1
    Use: Scroll            |     7 |     4 |    16 |    10 |    12 ||    49
         Potion            |       |     2 |     1 |     1 |     7 ||    11
   Stab: Sleeping          |    20 |    10 |    32 |   127 |   205 ||   394
         Confused          |     3 |       |     8 |     9 |    51 ||    71
         Invisible         |       |     2 |       |    12 |    44 ||    58
         Distracted        |       |       |       |       |     1 ||     1
 Armour: Robe              |    41 |    55 |    78 |       |       ||   174
         Steam dragon scal |       |       |    11 |   202 |   626 ||   839
         Skin              |       |       |       |     7 |       ||     7
  Dodge: Dodged            |    67 |    55 |    84 |   290 |   765 ||  1261
  Block: Buckler           |       |    12 |    34 |   162 |   363 ||   571

Table legend: (Time is in decaauts)
 A = Elapsed time spent in this place.
 B = Non-inter-level travel time spent in this place.
 C = Inter-level travel time spent in this place.
 D = Time resting spent in this place.
 E = Time spent auto-exploring this place.
 F = Levels seen in this place.
 G = Mean time per level.
                   A        B        C        D        E       F      G
               +--------+--------+--------+--------+--------+-----+--------+
         Total |  29419 |  27618 |   1801 |   4872 |  16833 |  26 | 1131.5 |
       Dungeon |  15584 |  14618 |    966 |   1264 |  10605 |  15 | 1038.9 |
        Temple |      4 |      4 |      0 |      0 |      3 |   1 |    4.0 |
          Lair |  10026 |   9294 |    732 |   2718 |   4695 |   5 | 2005.2 |
         Swamp |     49 |     49 |      0 |      0 |      0 |   1 |   49.0 |
  Orcish Mines |   2442 |   2341 |    101 |    376 |   1341 |   2 | 1221.0 |
       Ossuary |    726 |    726 |      0 |    205 |    126 |   1 |  726.0 |
       Volcano |    585 |    585 |      0 |    309 |     63 |   1 |  585.0 |
               +--------+--------+--------+--------+--------+-----+--------+

Top non-repeatable levels by time:
  Lair:3: 2975 daAuts
  Lair:5: 2709 daAuts
   Orc:2: 1898 daAuts
  Lair:4: 1792 daAuts
     D:8: 1592 daAuts
    D:15: 1536 daAuts
  Lair:2: 1396 daAuts
     D:3: 1390 daAuts
     D:7: 1170 daAuts
  Lair:1: 1153 daAuts
     D:5: 1107 daAuts
     D:2: 1067 daAuts
    D:10: 1043 daAuts
    D:14: 979 daAuts
    D:13: 936 daAuts
